[Event "Titled Tuesday Blitz June 28 Early 2022"]
[White "Dwilewicz, Katarzyna"]
[Black "Mendez Fortes, Eduardo Jesus"]
[WhiteFideId "1148486"]
[BlackFideId "3502376"]
[WhiteElo "1907"]
[BlackElo "2321"]
[Result "1-0"]
[Round "06"]
[TimeControl "180+1"]
[Date "2022.06.28"]
[WhiteClock "0:02:50"]
[BlackClock "0:02:40"]

1. e4 e5 2. Nf3 Nc6 3. Nc3 Nf6 4. Bb5 Bb4 5. O-O O-O 6. d3 d6 7. Bg5 h6 8. Bxf6 Qxf6 9. Nd5 Qg6 10. Bxc6 bxc6 11. Ne7+ 1-0


[Site "https://www.chess.com"]

[Event "Titled Tuesday Blitz June 28 Early 2022"]
[White "Elgersma, Onno"]
[Black "Araujo Sanchez, Josue"]
[WhiteFideId "1053531"]
[BlackFideId "6416896"]
[WhiteElo "2304"]
[BlackElo "2339"]
[Result "0-1"]
[Round "06"]
[TimeControl "180+1"]
[Date "2022.06.28"]
[WhiteClock "0:00:12"]
[BlackClock "0:00:50"]

1. e4 c5 2. Nf3 d6 3. d4 cxd4 4. Nxd4 Nf6 5. Nc3 a6 6. a3 g6 7. Be2 Bg7 8. Be3 O-O 9. Qd2 Nc6 10. h4 Nxd4 11. Bxd4 Be6 12. O-O-O Qa5 13. Kb1 Rfc8 14. h5 Rc7 15. hxg6 hxg6 16. g4 Rac8 17. g5 Rxc3 18. gxf6 Rxa3 19. Qxa5 Rxa5 20. fxg7 f6 21. Rh8+ Kxg7 22. Rxc8 Bxc8 23. Rg1 Ra4 24. Bc3 Rxe4 25. Bd3 Rg4 26. Rxg4 Bxg4 27. Be4 Bc8 28. Kc1 Kf7 29. Kd2 f5 30. Bg2 g5 31. Ke2 e6 32. Ke3 Ke7 33. Bb4 b6 34. Bc3 Bd7 35. Bd4 b5 36. Ba7 a5 37. c3 e5 38. Bf1 g4 39. Bb6 a4 40. Bg2 Ke6 41. f4 gxf3 42. Bxf3 d5 43. Bg2 f4+ 44. Kf3 Kd6 45. Bf1 Kc6 46. Ba7 Kd6 47. Bb8+ Ke6 48. Bh3+ Ke7 49. Bxd7 e4+ 50. Kxf4 Kxd7 51. Ba7 Ke6 52. Bc5 Kd7 53. Ke5 Kc6 54. Be3 b4 55. Kd4 b3 56. Bc1 Kb5 57. Kxd5 e3 58. Bxe3 a3 59. c4+ Ka4 0-1


[Site "https://www.chess.com"]

[Event "Titled Tuesday Blitz June 28 Early 2022"]
[White "Espinosa Veloz, Ermes"]
[Black "Cruz, Cristhian"]
[WhiteFideId "3507424"]
[BlackFideId "3801969"]
[WhiteElo "2333"]
[BlackElo "2497"]
[Result "1-0"]
[Round "06"]
[TimeControl "180+1"]
[Date "2022.06.28"]
[WhiteClock "0:00:36"]
[BlackClock "0:00:29"]

1. e4 e6 2. d4 d5 3. Nc3 Bb4 4. e5 c5 5. a3 Bxc3+ 6. bxc3 Ne7 7. Qg4 Kf8 8. h4 Qa5 9. Bd2 Qa4 10. h5 h6 11. Qd1 b6 12. Nf3 Ba6 13. Bd3 Nbc6 14. dxc5 bxc5 15. O-O Bxd3 16. cxd3 Qg4 17. Be3 Kg8 18. Bxc5 Qxh5 19. Rb1 Ng6 20. d4 Kh7 21. Rb7 Qf5 22. Qb1 Qg4 23. Rxf7 Rhb8 24. Qc2 Kg8 25. Nh2 Qg5 26. f4 Qh5 27. g4 Qh4 28. Qxg6 1-0


[Site "https://www.chess.com"]

[Event "Titled Tuesday Blitz June 28 Early 2022"]
[White "Estrada Nieto, Julian"]
[Black "Maiorov, Nikita"]
[WhiteFideId "5101018"]
[BlackFideId "13501720"]
[WhiteElo "2252"]
[BlackElo "2417"]
[Result "0-1"]
[Round "06"]
[TimeControl "180+1"]
[Date "2022.06.28"]
[WhiteClock "0:00:01"]
[BlackClock "0:00:10"]

1. e4 c6 2. d4 d5 3. Nc3 dxe4 4. Nxe4 Bf5 5. Ng3 Bg6 6. h4 h6 7. Nf3 Nd7 8. h5 Bh7 9. Bd3 Bxd3 10. Qxd3 e6 11. Bd2 Ngf6 12. O-O-O Be7 13. Qe2 O-O 14. Ne5 Qb6 15. Be3 Qa5 16. Nxd7 Nxd7 17. Kb1 Rfd8 18. Ne4 Nf6 19. Nxf6+ Bxf6 20. g4 Rd7 21. Rd3 Rad8 22. Rhd1 Qd5 23. f3 Qb5 24. b3 a5 25. c4 Qa6 26. f4 b5 27. c5 b4 28. Qg2 Be7 29. R3d2 a4 30. g5 hxg5 31. fxg5 axb3 32. axb3 Qa3 33. Rb2 Bxc5 34. g6 f6 35. Qxc6 Ra7 36. Qxc5 Qa1+ 37. Kc2 Qa6 38. Kd2 Rc8 39. Qxb4 Rb7 40. Rc1 Rxb4 0-1


[Site "https://www.chess.com"]

[Event "Titled Tuesday Blitz June 28 Early 2022"]
[White "Fecker, Noah"]
[Black "Beerdsen, Thomas"]
[WhiteFideId "1334263"]
[BlackFideId "1030108"]
[WhiteElo "2573"]
[BlackElo "2778"]
[Result "0-1"]
[Round "06"]
[TimeControl "180+1"]
[Date "2022.06.28"]
[WhiteClock "0:00:02"]
[BlackClock "0:00:33"]

1. e4 c5 2. Nf3 Nc6 3. d4 cxd4 4. Nxd4 Nf6 5. Nc3 h5 6. h3 g6 7. Be3 Bg7 8. Be2 O-O 9. g4 hxg4 10. hxg4 d5 11. Nxc6 bxc6 12. e5 Nd7 13. f4 Rb8 14. Qd2 Rxb2 15. Bd3 Nb6 16. Nd1 d4 17. Qh2 Re8 18. Bd2 Rb5 19. Bxb5 cxb5 20. Qh7+ Kf8 21. f5 Qd5 22. O-O Qxe5 23. Bf4 Qe2 24. Nf2 Qf3 25. Qh2 Bb7 26. fxg6 Nd5 27. Bh6 Nf6 28. gxf7 Rc8 29. Bf4 Nxg4 30. Nxg4 Qxg4+ 31. Qg3 Qh5 32. Qh2 Qg6+ 33. Qg3 Qc6 34. Qh2 Qg6+ 35. Qg3 Qe4 36. Qh2 Rxc2 37. Rf2 Rxf2 38. Kxf2 d3 39. Rf1 Bd4+ 40. Kg3 Qg6+ 41. Kh4 Bf6+ 42. Kh3 Bc8# 0-1


[Site "https://www.chess.com"]

[Event "Titled Tuesday Blitz June 28 Early 2022"]
[White "Fedoseev, Vladimir"]
[Black "Van Foreest, Jorden"]
[WhiteFideId "24130737"]
[BlackFideId "1039784"]
[WhiteElo "3056"]
[BlackElo "2957"]
[Result "1-0"]
[Round "06"]
[TimeControl "180+1"]
[Date "2022.06.28"]
[WhiteClock "0:00:08"]
[BlackClock "0:00:01"]

1. e4 c6 2. d4 d5 3. e5 Bf5 4. Nf3 e6 5. Be2 Ne7 6. O-O h6 7. Nbd2 Bh7 8. Nb3 a5 9. a4 Nd7 10. Bd2 Nf5 11. Bd3 Be7 12. g4 Nh4 13. Bxh7 Nxf3+ 14. Qxf3 Rxh7 15. Qd3 Rh8 16. f4 c5 17. dxc5 Nxc5 18. Nxc5 Bxc5+ 19. Kg2 Qb6 20. f5 O-O-O 21. Qb5 Qc7 22. fxe6 fxe6 23. Qxa5 Bb6 24. Qa8+ Kd7 25. Rf7+ Kc6 26. Rxc7+ Bxc7 27. Qxd8 Rxd8 28. b4 d4 29. b5+ Kc5 30. Rf1 Bxe5 31. Rf7 Ra8 32. a5 Kxb5 33. Rxb7+ Kc5 34. Kf3 Kc6 35. Re7 Bxh2 36. Rxg7 Kd5 37. Rd7+ Kc6 38. Rxd4 Bc7 39. Rc4+ Kb7 40. Rc5 Bd6 41. Rh5 Rf8+ 42. Ke2 Rg8 43. Rxh6 Rxg4 44. Rxe6 Bc5 45. Kd3 Rd4+ 46. Kc3 Rd7 47. Bf4 Ka7 48. Kc4 Rd4+ 49. Kxc5 Rxf4 50. c4 Rf1 51. Kc6 Ka6 52. c5 Rh1 53. Kd7+ Kxa5 54. c6 Rh7+ 55. Re7 Rh2 56. c7 1-0


[Site "https://www.chess.com"]

[Event "Titled Tuesday Blitz June 28 Early 2022"]
[White "Fernandez Siles, Luis"]
[Black "Weishaeutel, Moritz"]
[WhiteFideId "2209420"]
[BlackFideId "12967300"]
[WhiteElo "2211"]
[BlackElo "2002"]
[Result "0-1"]
[Round "06"]
[TimeControl "180+1"]
[Date "2022.06.28"]
[WhiteClock "0:01:04"]
[BlackClock "0:01:15"]

1. e4 e5 2. Nf3 Nf6 3. Bc4 Nxe4 4. Nc3 Nc6 5. O-O Nxc3 6. dxc3 f6 7. Nh4 g6 8. f4 Qe7 9. Kh1 d6 10. f5 Qg7 11. b4 Bd7 12. a4 Ne7 13. Bd3 d5 14. c4 e4 15. Be2 g5 16. Bh5+ Kd8 17. cxd5 gxh4 18. Bf4 Nxf5 19. c4 Bd6 20. Bxd6 cxd6 21. c5 Ne3 22. Qd4 Qxg2# 0-1


[Site "https://www.chess.com"]

[Event "Titled Tuesday Blitz June 28 Early 2022"]
[White "Ferreira, Vitor Hugo Vieira"]
[Black "Ocelak, Jakub"]
[WhiteFideId "2119765"]
[BlackFideId "23707933"]
[WhiteElo "2165"]
[BlackElo "2048"]
[Result "1-0"]
[Round "06"]
[TimeControl "180+1"]
[Date "2022.06.28"]
[WhiteClock "0:00:59"]
[BlackClock "0:00:04"]

1. d4 Nf6 2. c4 g6 3. Nc3 Bg7 4. e4 O-O 5. f3 d6 6. Be3 c5 7. Nge2 Nc6 8. dxc5 dxc5 9. Qxd8 Rxd8 10. Bxc5 Be6 11. Nf4 Nd7 12. Nxe6 fxe6 13. Be3 Nd4 14. Rc1 Ne5 15. b3 a6 16. Be2 Rac8 17. O-O b5 18. Bxd4 Rxd4 19. cxb5 axb5 20. Bxb5 Rd2 21. Rf2 Rxf2 22. Kxf2 Nxf3 23. Bd7 Rxc3 24. Bxe6+ Kf8 25. Rxc3 Bxc3 26. gxf3 Ke8 27. Ke3 g5 28. f4 gxf4+ 29. Kxf4 Kd8 30. Kg5 Bd2+ 31. Kh5 Kc7 32. Bg8 h6 33. Kg6 Kd6 34. Bd5 Ke5 35. Kf7 e6 36. Bxe6 Kxe4 37. h4 Kf4 38. h5 Kg5 39. a3 Bc1 40. a4 Bd2 41. Ke7 Kxh5 42. Kd6 Kg5 43. Kc5 Kf6 44. Bh3 Ke7 45. b4 Kd8 46. b5 Kc7 47. b6+ Kb7 48. Kb5 Be3 49. a5 Kb8 50. a6 h5 51. a7+ Kb7 52. Bg2+ Kc8 53. b7+ 1-0


[Site "https://www.chess.com"]

[Event "Titled Tuesday Blitz June 28 Early 2022"]
[White "Florescu, Codrut-Constantin"]
[Black "Sargissyan, Sargis"]
[WhiteFideId "1202200"]
[BlackFideId "13303210"]
[WhiteElo "2191"]
[BlackElo "2174"]
[Result "0-1"]
[Round "06"]
[TimeControl "180+1"]
[Date "2022.06.28"]
[WhiteClock "0:01:27"]
[BlackClock "0:02:20"]

1. d4 Nf6 2. Nf3 g6 3. c4 Bg7 4. Nc3 d5 5. Qb3 dxc4 6. Qxc4 O-O 7. e4 Nc6 8. h3 e5 9. d5 Nd4 10. Be2 Nc2+ 11. Kf1 Nxa1 12. Bd1 c6 13. g4 cxd5 14. exd5 b5 15. Qxb5 e4 16. Ng5 Rb8 17. Qc4 Bb7 18. Bf4 Rc8 19. Qb4 Nxd5 20. Nxd5 Qxd5 21. Be3 Qxd1+ 22. Kg2 Qd5 23. Rxa1 h6 24. h4 hxg5 25. hxg5 Qe6 0-1


[Site "https://www.chess.com"]

[Event "Titled Tuesday Blitz June 28 Early 2022"]
[White "Gardezi, Arsal"]
[Black "Jaskolka, Tomasz"]
[WhiteFideId "30949521"]
[BlackFideId "1170791"]
[WhiteElo "1781"]
[BlackElo "2073"]
[Result "1/2-1/2"]
[Round "06"]
[TimeControl "180+1"]
[Date "2022.06.28"]
[WhiteClock "0:00:07"]
[BlackClock "0:00:04"]

1. e4 c5 2. Nf3 e6 3. d4 cxd4 4. Nxd4 Nc6 5. Nc3 Qc7 6. g3 a6 7. Bg2 Nf6 8. O-O Nxd4 9. Qxd4 Bc5 10. Qd3 d6 11. Bf4 Ng4 12. Qd2 b5 13. Rad1 e5 14. Nd5 Qd8 15. Bg5 f6 16. Be3 Nxe3 17. fxe3 Bb7 18. Kh1 O-O 19. Qe2 Rc8 20. c3 Qd7 21. Qh5 Qf7 22. Qf3 Rfe8 23. g4 h6 24. h4 Kf8 25. g5 Bxd5 26. exd5 Ke7 27. Bh3 hxg5 28. Bxc8 Rxc8 29. hxg5 Rh8+ 30. Kg2 Qg6 31. Qf5 Qh5 32. Rh1 Qe2+ 33. Qf2 Qg4+ 34. Qg3 Qe2+ 35. Qf2 Qg4+ 36. Qg3 Qe4+ 37. Qf3 Rxh1 38. Rxh1 Qc2+ 39. Qf2 Qe4+ 40. Qf3 Qxe3 41. Qxe3 Bxe3 42. gxf6+ Kxf6 43. Kf3 Bc5 44. a4 Kf5 45. Rh5+ g5 46. axb5 axb5 47. b4 e4+ 48. Ke2 Bb6 49. Rh7 Ke5 50. Rb7 Bg1 51. Rxb5 g4 52. Rb8 g3 53. Rg8 Bf2 54. b5 Kxd5 55. b6 Kc6 56. Rg6 Bxb6 57. Rxg3 Kd5 58. Rg6 Bc5 59. Kd2 Kc4 60. Rg4 d5 61. Rg5 Be7 62. Rg8 Bf6 63. Rc8+ Kb3 64. Ke3 Bxc3 65. Rb8+ Kc2 66. Rd8 d4+ 67. Rxd4 Bxd4+ 68. Kxd4 e3 69. Kxe3 1/2-1/2


[Site "https://www.chess.com"]

[Event "Titled Tuesday Blitz June 28 Early 2022"]
[White "Garv Gaur"]
[Black "Volkov, Maksim"]
[WhiteFideId "45030839"]
[BlackFideId "54123070"]
[WhiteElo "1950"]
[BlackElo "2155"]
[Result "1-0"]
[Round "06"]
[TimeControl "180+1"]
[Date "2022.06.28"]
[WhiteClock "0:01:25"]
[BlackClock "0:00:02"]

1. d4 d5 2. Nf3 Nf6 3. c4 e6 4. g3 dxc4 5. Bg2 a6 6. Ne5 c5 7. Na3 Nbd7 8. Naxc4 Nxe5 9. dxe5 Nd5 10. O-O Be7 11. e4 Nb4 12. Nd6+ Bxd6 13. exd6 e5 14. f4 O-O 15. fxe5 Re8 16. Bf4 g5 17. Bd2 Rxe5 18. Bc3 Re6 19. e5 Nc6 20. Qd5 Qe8 21. Rae1 Rh6 22. Qxc5 Be6 23. Qe3 Rg6 24. Be4 Rg7 25. Rf6 Bxa2 26. Rh6 Qd7 27. Qd3 Kf8 28. Bxh7 Be6 29. Be4 Rg8 30. Rf1 Ke8 31. Qf3 Rc8 32. Rxe6+ Qxe6 33. Bf5 Nxe5 34. Bxe5 Qxe5 35. d7+ Ke7 36. dxc8=Q 1-0


[Site "https://www.chess.com"]

[Event "Titled Tuesday Blitz June 28 Early 2022"]
[White "Goltsev, Dmitry"]
[Black "Joie, Sebastien"]
[WhiteFideId "24176710"]
[BlackFideId "650420"]
[WhiteElo "2811"]
[BlackElo "2583"]
[Result "1-0"]
[Round "06"]
[TimeControl "180+1"]
[Date "2022.06.28"]
[WhiteClock "0:00:27"]
[BlackClock "0:00:26"]

1. e4 c6 2. d4 d5 3. Nc3 dxe4 4. Nxe4 g6 5. Nf3 Bg7 6. c3 Nf6 7. Nxf6+ exf6 8. Bc4 O-O 9. O-O Nd7 10. Re1 a5 11. a4 Nb6 12. Bb3 Bf5 13. Bf4 Re8 14. h3 Qd7 15. Qd2 Be6 16. Bxe6 Rxe6 17. Rxe6 Qxe6 18. Re1 Qd7 19. b3 Nd5 20. Bh2 Re8 21. c4 Nb4 22. Rxe8+ Qxe8 23. Bc7 Qe4 24. Bxa5 Nd3 25. Bc3 Nf4 26. Kh2 f5 27. Qe3 Ne2 28. Bb4 Nxd4 29. Nxd4 Bxd4 30. Qg5 Be5+ 31. g3 Bc7 32. Qh6 Qe8 33. Bc3 Be5 34. Qe3 f6 35. f4 1-0


[Site "https://www.chess.com"]

[Event "Titled Tuesday Blitz June 28 Early 2022"]
[White "Golubev, Mikhail"]
[Black "Terrieux, Kevin"]
[WhiteFideId "14100983"]
[BlackFideId "622591"]
[WhiteElo "2374"]
[BlackElo "2482"]
[Result "1-0"]
[Round "06"]
[TimeControl "180+1"]
[Date "2022.06.28"]
[WhiteClock "0:00:32"]
[BlackClock "0:00:45"]

1. e4 c5 2. Nf3 e6 3. d4 cxd4 4. Nxd4 Nf6 5. Nc3 Nc6 6. a3 Qc7 7. Be3 a6 8. f4 d6 9. Qf3 Nd7 10. O-O-O b5 11. e5 d5 12. Be2 Bb7 13. f5 Ncxe5 14. Qh3 Bxa3 15. fxe6 Qxc3 16. exf7+ Kxf7 17. Qe6+ Kf8 18. Rhf1+ Nf6 19. Rxf6+ gxf6 20. Bh6# 1-0


[Site "https://www.chess.com"]

[Event "Titled Tuesday Blitz June 28 Early 2022"]
[White "Golubovskis, Maksims"]
[Black "Gaisinsky, Adam"]
[WhiteFideId "11608528"]
[BlackFideId "2620561"]
[WhiteElo "2102"]
[BlackElo "1965"]
[Result "1/2-1/2"]
[Round "06"]
[TimeControl "180+1"]
[Date "2022.06.28"]
[WhiteClock "0:00:04"]
[BlackClock "0:00:03"]

1. e4 e5 2. Nf3 Nc6 3. d4 exd4 4. Nxd4 Nf6 5. Nxc6 bxc6 6. e5 Qe7 7. Qe2 Nd5 8. h3 g6 9. c4 Ba6 10. Nd2 Bg7 11. Nf3 f6 12. exf6 Qxe2+ 13. Bxe2 Nxf6 14. Bf4 O-O 15. O-O-O d6 16. Rhe1 c5 17. Ng5 Rae8 18. Bd3 Bc8 19. Bc2 Nh5 20. Rxe8 Rxe8 21. Be3 Ba6 22. Bd3 Rb8 23. b3 Bb7 24. g4 Nf6 25. Ne6 Ne8 26. Nxg7 Kxg7 27. f4 Nf6 28. f5 Ne4 29. fxg6 hxg6 30. Rf1 Rh8 31. Rh1 Nf2 32. Bxf2 Bxh1 33. h4 Rf8 34. Be1 Rf4 35. Bc3+ Kf7 36. h5 gxh5 37. gxh5 Be4 38. Bxe4 Rxe4 39. h6 Rh4 40. Bg7 Rh2 41. Bc3 Rxh6 42. Kb2 Ke6 43. Ka3 Rh3 44. Ba5 Rh2 45. Bxc7 Rc2 46. Ba5 a6 47. Be1 Ke5 48. Bg3+ Ke6 49. Bf4 Kd7 50. Bg3 Kc6 51. Bf4 d5 52. cxd5+ Kxd5 53. Bc7 Ke4 54. Bg3 Kd3 55. Bd6 Kd2 56. b4 cxb4+ 57. Bxb4+ Kd3 58. Kb3 Rg2 59. a3 Kd4 60. Ka4 Kd5 61. Ka5 Ra2 62. Kxa6 Kc4 63. Ka5 Rxa3+ 64. Bxa3 1/2-1/2


[Site "https://www.chess.com"]

[Event "Titled Tuesday Blitz June 28 Early 2022"]
[White "Gormally, Daniel W"]
[Black "Oparin, Grigoriy"]
[WhiteFideId "406465"]
[BlackFideId "24125890"]
[WhiteElo "2805"]
[BlackElo "2991"]
[Result "1-0"]
[Round "06"]
[TimeControl "180+1"]
[Date "2022.06.28"]
[WhiteClock "0:00:08"]
[BlackClock "0:00:01"]

1. e4 c5 2. Nc3 d6 3. f4 g6 4. Nf3 Bg7 5. Bb5+ Bd7 6. Bc4 Nc6 7. O-O Na5 8. d3 e6 9. a4 Nxc4 10. dxc4 Qc7 11. Nb5 Bxb5 12. axb5 Ne7 13. Qd3 O-O 14. c3 a6 15. bxa6 Rxa6 16. Be3 Rfa8 17. Rxa6 Rxa6 18. Rd1 h6 19. h3 Qc8 20. b4 cxb4 21. cxb4 Bf8 22. c5 d5 23. Ne5 Bg7 24. Bd4 h5 25. Nf3 dxe4 26. Qxe4 Qd7 27. Qe2 Bxd4+ 28. Rxd4 Ra1+ 29. Kh2 Qc7 30. Qe5 Qxe5 31. Nxe5 Nd5 32. b5 Rb1 33. b6 h4 34. g4 hxg3+ 35. Kxg3 Rb2 36. Rc4 Rb3+ 37. Kf2 Kg7 38. h4 f6 39. Nf3 Kh6 40. Re4 Rb5 41. Rxe6 Rxc5 42. Kg3 Rb5 43. Rd6 Nxb6 44. Rxf6 Nd5 45. Re6 Rb3 46. Re5 Ne3 47. Re8 Nf5+ 48. Kg4 b5 49. Rb8 b4 50. Rb7 Ne3+ 51. Kg3 Nf5+ 52. Kf2 Kh5 53. Ne5 Nh6 54. Rh7 Rb2+ 55. Kf3 Rb3+ 56. Ke4 Rb1 57. Nf7 Kxh4 58. Rxh6+ Kg3 59. Rxg6+ Kf2 60. f5 b3 61. Kd3 Rc1 62. Rb6 Rc5 63. Nd6 Kf3 64. Kd4 Ra5 65. Rxb3+ Kf4 66. Rb4 Kg5 67. Rb6 Ra1 68. Ke5 Ra5+ 69. Ke6 Ra4 70. Rb5 Ra6 71. Re5 1-0


[Site "https://www.chess.com"]

[Event "Titled Tuesday Blitz June 28 Early 2022"]
[White "Gracia Alvarez, Gerardo Antonio"]
[Black "Rosen, Eric"]
[WhiteFideId "5109124"]
[BlackFideId "2032562"]
[WhiteElo "2139"]
[BlackElo "2362"]
[Result "0-1"]
[Round "06"]
[TimeControl "180+1"]
[Date "2022.06.28"]
[WhiteClock "0:01:09"]
[BlackClock "0:01:36"]

1. e4 c5 2. Nc3 a6 3. g3 b5 4. Bg2 Bb7 5. d3 e6 6. Nh3 b4 7. Ne2 d5 8. O-O Nf6 9. e5 Nfd7 10. f4 g6 11. f5 gxf5 12. Nef4 Nxe5 13. Re1 Nbc6 14. Qh5 Qf6 15. Bxd5 exd5 16. Nxd5 Qd6 17. Nhf4 O-O-O 18. Qxf5+ Kb8 19. Be3 Nd4 20. Bxd4 Nf3+ 21. Kf2 Nxd4 22. Qxf7 Bxd5 0-1


[Site "https://www.chess.com"]

[Event "Titled Tuesday Blitz June 28 Early 2022"]
[White "Gueci, Tea"]
[Black "Ciuffoletti, Paolo"]
[WhiteFideId "872342"]
[BlackFideId "807630"]
[WhiteElo "2142"]
[BlackElo "2143"]
[Result "1-0"]
[Round "06"]
[TimeControl "180+1"]
[Date "2022.06.28"]
[WhiteClock "0:00:20"]
[BlackClock "0:00:05"]

1. e4 c5 2. Nf3 Nc6 3. Bb5 e6 4. O-O Nge7 5. d4 cxd4 6. Nxd4 Nxd4 7. Qxd4 Ng6 8. Be3 f6 9. Be2 b6 10. Qd2 Bb7 11. f3 d5 12. exd5 Qxd5 13. Bd3 Bc5 14. Kh1 O-O 15. Nc3 Bxe3 16. Qxe3 Qe5 17. Qf2 Nf4 18. Rae1 Nxd3 19. cxd3 Qf5 20. Ne4 Rfd8 21. Qe3 Ba6 22. Rd1 Rac8 23. Rfe1 Rc2 24. Re2 Rxe2 25. Qxe2 Qe5 26. Qc2 h5 27. h3 h4 28. a3 Qd4 29. Nf2 Qe3 30. Qd2 Qxd2 31. Rxd2 Rc8 32. Kg1 Kf7 33. Kf1 e5 34. Ke2 Ke6 35. Ne4 Rc1 36. Nc3 Rg1 37. Kf2 Rc1 38. Ne2 Rc5 39. f4 Rd5 40. fxe5 fxe5 41. Ke3 Rb5 42. Ng1 Rb3 43. Nf3 Bb7 44. Nxh4 g5 45. Nf3 Kf5 46. g4+ Kf6 47. Rf2 e4 48. Nd2+ Ke5 49. Rf5+ 1-0


[Site "https://www.chess.com"]

[Event "Titled Tuesday Blitz June 28 Early 2022"]
[White "Gundam, Rohit"]
[Black "Aggelis, Nikolaos"]
[WhiteFideId "75002809"]
[BlackFideId "4213220"]
[WhiteElo "2343"]
[BlackElo "2154"]
[Result "0-1"]
[Round "06"]
[TimeControl "180+1"]
[Date "2022.06.28"]
[WhiteClock "0:00:06"]
[BlackClock "0:02:05"]

1. d4 Nf6 2. Nf3 g6 3. c4 b6 4. Nc3 d5 5. cxd5 Nxd5 6. e4 Nxc3 7. bxc3 Bb7 8. Bb5+ c6 9. Bc4 Bg7 10. O-O O-O 11. e5 c5 12. Be3 Nc6 13. dxc5 Nxe5 14. Nxe5 Bxe5 15. cxb6 axb6 16. Qxd8 Rfxd8 17. Bxb6 Rdc8 18. Bb3 Rxc3 19. Rac1 Rac8 20. Rxc3 Rxc3 21. Ba5 Rd3 22. Rd1 Rxd1+ 23. Bxd1 Bd5 24. a4 Kf8 25. Bb4 Bb7 26. Be2 Ke8 27. a5 Bd4 28. a6 Bc6 29. Bd2 Kd7 30. Be3 Bxe3 31. fxe3 Kc7 32. Kf2 Kb6 33. g4 Bd7 34. Kg3 Bc8 35. Kf4 Bxa6 36. Bxa6 Kxa6 37. Kg5 Kb5 38. e4 Kc4 39. Kh6 Kd4 40. Kxh7 Kxe4 41. Kg7 f5 42. gxf5 gxf5 43. h4 f4 44. h5 f3 45. h6 f2 46. h7 f1=Q 47. h8=Q Qf6+ 48. Kh7 Qxh8+ 49. Kxh8 0-1


[Site "https://www.chess.com"]

[Event "Titled Tuesday Blitz June 28 Early 2022"]
[White "Haas, Michael"]
[Black "Kalogridis, Antonios"]
[WhiteFideId "1629514"]
[BlackFideId "25833901"]
[WhiteElo "1982"]
[BlackElo "1596"]
[Result "0-1"]
[Round "06"]
[TimeControl "180+1"]
[Date "2022.06.28"]
[WhiteClock "0:00:04"]
[BlackClock "0:00:13"]

1. d4 f5 2. c4 Nf6 3. Nf3 e6 4. g3 d5 5. Bg2 c6 6. O-O Bb4 7. b3 Bd6 8. Ba3 O-O 9. Bxd6 Qxd6 10. a4 Nbd7 11. Na3 b6 12. Nc2 c5 13. Ne3 Bb7 14. Rc1 Rac8 15. dxc5 Nxc5 16. b4 Nce4 17. cxd5 exd5 18. Rxc8 Rxc8 19. Nxf5 Qxb4 20. Qb1 Qf8 21. a5 Qc5 22. axb6 axb6 23. Bh3 Rc7 24. N5d4 Bc8 25. Be6+ Kh8 26. Bxc8 Rxc8 27. e3 Ng4 28. Ng5 Qe7 29. Nxe4 dxe4 30. Qxb6 Rf8 31. Qe6 Qg5 32. Qxe4 Qh5 33. Qg2 h6 34. h3 Ne5 35. f4 Nc4 36. Re1 Rb8 37. Re2 Rb1+ 38. Kh2 Qe8 39. e4 Qd8 40. Nf5 Qd1 41. Ra2 Kh7 42. Nh4 Ne3 43. Qf2 Qh1# 0-1


[Site "https://www.chess.com"]

[Event "Titled Tuesday Blitz June 28 Early 2022"]
[White "Hafiz, Arif Abdul"]
[Black "Zochowski, Kacper"]
[WhiteFideId "7104227"]
[BlackFideId "1125494"]
[WhiteElo "2198"]
[BlackElo "2214"]
[Result "1-0"]
[Round "06"]
[TimeControl "180+1"]
[Date "2022.06.28"]
[WhiteClock "0:01:17"]
[BlackClock "0:01:29"]

1. e4 c5 2. Nc3 Nc6 3. f4 g6 4. Nf3 Bg7 5. Bb5 Nd4 6. O-O e6 7. Nxd4 cxd4 8. Ne2 a6 9. Ba4 b5 10. Bb3 Bb7 11. d3 Ne7 12. Qe1 O-O 13. Qf2 Qb6 14. c3 d5 15. e5 Nf5 16. Nxd4 Nxd4 17. Be3 a5 18. Bxd4 Qc7 19. a3 Ba6 20. Bb6 Qc6 21. Bxa5 b4 22. Bxb4 Bxd3 23. Rfd1 Be4 24. Bc2 Bxc2 25. Qxc2 Rfb8 26. Rd4 Bf8 27. Bxf8 Kxf8 28. Qf2 Rb5 29. Rb4 Rxb4 30. cxb4 Rd8 31. Qd4 Qc2 32. b5 Rc8 33. b6 Rc4 34. Qd1 Qa4 35. b3 1-0


[Site "https://www.chess.com"]

[Event "Titled Tuesday Blitz June 28 Early 2022"]
[White "Dronavalli, Harika"]
[Black "Shohat, Yotam"]
[WhiteFideId "5015197"]
[BlackFideId "2813955"]
[WhiteElo "2382"]
[BlackElo "2119"]
[Result "1-0"]
[Round "06"]
[TimeControl "180+1"]
[Date "2022.06.28"]
[WhiteClock "0:01:17"]
[BlackClock "0:00:02"]

1. d4 Nf6 2. c4 g6 3. g3 c5 4. Nf3 Bg7 5. Bg2 O-O 6. O-O d6 7. Nc3 Nc6 8. dxc5 dxc5 9. Bf4 Bf5 10. Ne5 Nxe5 11. Bxe5 Qc8 12. Qb3 b6 13. Bxa8 Qxa8 14. Rfd1 h5 15. f3 Bh6 16. Nd5 Nxd5 17. cxd5 f6 18. Bf4 g5 19. d6+ e6 20. e4 gxf4 21. exf5 c4 22. Qxc4 Qxf3 23. Qxe6+ Kh7 24. Rf1 Qg4 25. Qe7+ Kh8 26. Qe4 Qh3 27. Qg2 Qg4 28. Rad1 Qxf5 29. d7 Rd8 30. Qe2 Qc5+ 31. Kg2 Rxd7 32. Qe8+ 1-0


[Site "https://www.chess.com"]

[Event "Titled Tuesday Blitz June 28 Early 2022"]
[White "Harsh Suresh"]
[Black "Dinu, Dumitru-Daniel"]
[WhiteFideId "45018464"]
[BlackFideId "1208403"]
[WhiteElo "2059"]
[BlackElo "2240"]
[Result "1-0"]
[Round "06"]
[TimeControl "180+1"]
[Date "2022.06.28"]
[WhiteClock "0:01:14"]
[BlackClock "0:00:33"]

1. Nf3 Nf6 2. b3 g6 3. Bb2 Bg7 4. e3 O-O 5. d4 d5 6. Be2 c5 7. Nbd2 Nc6 8. dxc5 Qa5 9. O-O Qxc5 10. c4 dxc4 11. Bxc4 Bf5 12. Rc1 Qb6 13. Nd4 Nxd4 14. Bxd4 Qa5 15. a4 Rfd8 16. Qe2 Rac8 17. Rfd1 a6 18. Nf3 Ne4 19. Bxg7 Kxg7 20. Nd4 Nc3 21. Qb2 b5 22. Rxc3 bxc4 23. Rxc4 Kg8 24. Rxc8 Rxc8 25. Nxf5 Qxf5 26. h3 e5 27. Rd2 Qe4 28. b4 Rc4 29. b5 axb5 30. axb5 Rb4 31. Qa3 Rxb5 32. Rd8+ Kg7 33. Qf8+ Kf6 34. Rd6+ Kg5 35. Qxf7 h6 36. Qf6+ Kh5 37. g4+ 1-0


[Site "https://www.chess.com"]

[Event "Titled Tuesday Blitz June 28 Early 2022"]
[White "Hartikainen, Jarmo"]
[Black "Sahil, Tickoo"]
[WhiteFideId "503134"]
[BlackFideId "5019710"]
[WhiteElo "2160"]
[BlackElo "2047"]
[Result "0-1"]
[Round "06"]
[TimeControl "180+1"]
[Date "2022.06.28"]
[WhiteClock "0:00:12"]
[BlackClock "0:01:27"]

1. e4 c5 2. c3 d5 3. exd5 Nf6 4. d4 Nxd5 5. Nf3 e6 6. Bd3 cxd4 7. Nxd4 a6 8. O-O Qc7 9. a4 Bd6 10. h3 Nc6 11. Nxc6 Qxc6 12. Na3 O-O 13. Nc4 Bc7 14. Ne3 Rd8 15. Qc2 h6 16. Ng4 Nf4 17. Be4 Qd6 18. Bxf4 Qxf4 19. Rad1 Rxd1 20. Rxd1 f5 21. Bxb7 Bxb7 22. Rd7 fxg4 23. Qg6 Qh2+ 24. Kf1 Qxg2+ 25. Ke1 Qe4+ 26. Kd1 Qxg6 0-1


[Site "https://www.chess.com"]